 Dungeon Crawl Stone Soup version 0.23.0 (webtiles) character file.

Game seed: 18140648098790448694

434 ohad the Changer (level 6, 0/43 HPs)
             Began as a Demonspawn Transmuter on Feb 15, 2019.
             Was a Follower of Okawaru.
             Slain by an orc
             ... wielding a +0 club
              (3 damage)
             ... on level 4 of the Dungeon.
             The game lasted 00:09:17 (4261 turns).

ohad the Changer (Demonspawn Transmuter)            Turns: 4261, Time: 00:09:17

Health: 0/43       AC:  2    Str: 10    XL:     6   Next: 67%
Magic:  2/9        EV: 14    Int: 16    God:    Okawaru [*.....]
Gold:   101        SH:  0    Dex: 14    Spells: 3/9 levels left

rFire    . . .     SeeInvis .     - Unarmed
rCold    + + .     Gourm    .   (no shield)
rNeg     . . .     Faith    .   b - +0 robe
rPois    .         Spirit   .   (no helmet)
rElec    .         Reflect  .   (no cloak)
rCorr    .         Harm     .   (no gloves)
MR       .....                  (no boots)
Stlth    +.........             (no amulet)
HPRegen  0.14/turn              g - ring of protection from cold
MPRegen  0.11/turn              i - +2 ring of evasion

@: very slightly contaminated, slowed, very slow
A: talons 2, cold resistance 1
a: Heroism, Renounce Religion


You were on level 4 of the Dungeon.
You worshipped Okawaru.
Okawaru was aware of your devotion.
You were hungry.

You visited 1 branch of the dungeon, and saw 4 of its levels.

You collected 101 gold pieces.

Inventory:

Hand Weapons
 k - a +0 antimagic dagger
 y - a cursed -2 short sword
Missiles
 a - 56 arrows
 l - 17 poisoned needles
Armour
 b - a +0 robe (worn)
 f - a +0 ring mail
 p - a +1 leather armour
Jewellery
 g - a ring of protection from cold (left hand)
 i - a +2 ring of evasion (right hand)
 o - an uncursed ring of protection from cold
Wands
 s - a wand of random effects (11)
Scrolls
 e - 2 scrolls of identify
 h - 2 scrolls of fear
 j - 2 scrolls of enchant armour
 m - 2 scrolls of teleportation
Potions
 c - 2 potions of agility
 n - a potion of haste {unknown}
 q - a potion of berserk rage {unknown}
 r - a potion of curing {unknown}
 t - 2 potions of might {unknown}
 u - a potion of magic {unknown}
 w - a potion of brilliance {unknown}
Comestibles
 d - 6 rations


   Skills:
 - Level 1.0 Fighting
 - Level 1.7 Dodging
 - Level 2.6 Unarmed Combat
 - Level 2.0 Spellcasting
 + Level 6.4 Transmutations
 - Level 2.0 Invocations


You had 3 spell levels left.
You knew the following spells:

 Your Spells              Type           Power        Failure   Level  Hunger
a - Beastly Appendage     Tmut           ###...       1%          1    #......
b - Sticks to Snakes      Tmut           ###.....     2%          2    ###....
c - Spider Form           Tmut/Pois      ##........   17%         3    ###....

Your spell library contained the following spells:

 Spells                   Type           Power        Failure   Level  Hunger
 Magic Dart               Conj           #...         21%         1    #......
 Blink                    Tloc           N/A          30%         2    ###....
 Call Imp                 Summ           #.......     30%         2    ###....
 Slow                     Hex            #.......     30%         2    ###....
 Conjure Flame            Conj/Fire      #.......     52%         3    ###....
 Mephitic Cloud           Conj/Pois/Air  #.......     52%         3    ###....
 Blade Hands              Tmut           ###.......   38%         5    ######.
 Ice Form                 Ice/Tmut       ##......     50%         4    #####..


Dungeon Overview and Level Annotations

Branches:
Dungeon (4/15)
 Temple: D:4-7

Altars:
Ashenzari
Cheibriados
Hepliaklqana
Makhleb
Nemelex Xobeh
Okawaru
Qazlal
Ru


Innate Abilities, Weirdness & Mutations

You have razor-sharp toenails.
Your flesh is cold resistant. (rC+)


Message History

The orc wizard hits you with a +0 dagger.
The orc wizard casts a spell.
The orc wizard blinks!
The orc barely misses you. The orc wizard misses you.
The orc wizard hits you with a +0 dagger.
* * * LOW HITPOINT WARNING * * *
The orc completely misses you.
Unknown command.
The orc wizard hits you but does no damage.
The orc wizard hits you with a +0 dagger.
* * * LOW HITPOINT WARNING * * *
The orc wizard points at you and mumbles some strange words.
The magic dart hits you!
* * * LOW HITPOINT WARNING * * *
You hit the orc wizard but do no damage.
The orc wizard is lightly wounded.
Your transformation has ended.
Your +0 robe unmelds from your body.
The orc wizard closely misses you. The orc hits you with a +0 club.
You die...

##### ..... ..# #### #.# #.#
#.# ### #.# #####.###.##
##### ...........#####@o.#
.................o.#
##.#...##..#####...#########
#.##.###..# ##...)......#
#....# #..# ##########.#
#.#### #..# ##.# ####..#####
...# #....<....# #.##
#.##......#


You could see an orc wizard and an orc.

Vanquished Creatures
  A quasit (D:3)
  2 hounds
  A jelly (D:3)
  A bullfrog skeleton (D:4)
  2 orc wizards (D:4)
  A hound skeleton (D:4)
  10 adders
  An adder zombie (D:2)
  An adder skeleton (D:4)
  6 worms
  A dart slug (D:1)
  4 leopard geckos
  8 orcs (D:4)
  A ball python (D:3)
  5 giant cockroaches
  11 goblins
  8 hobgoblins
  8 jackals
  6 kobolds
  8 bats
  2 frilled lizards (D:1)
  10 rats
98 creatures vanquished.

Notes
Turn   | Place    | Note
-------+----------+-------------------------------------------
     0 | D:1      | ohad the Demonspawn Transmuter began the quest for the Orb.
     0 | D:1      | Reached XP level 1. HP: 15/15 MP: 3/3
     0 | D:1      | Noticed a merfolk zombie
     6 | D:1      | Noticed a minotaur zombie
     9 | D:1      | Noticed a minotaur zombie
    40 | D:1      | Reached skill level 2 in Transmutations
    66 | D:1      | Mutation became permanent: You have razor-sharp toenails.
                  | [demonic ancestry]
    66 | D:1      | Gained mutation: You have claws for feet. [demonic
                  | ancestry]
    66 | D:1      | Reached XP level 2. HP: 19/21 MP: 3/5
   247 | D:1      | Reached skill level 3 in Transmutations
   429 | D:1      | Learned a level 2 spell: Sticks to Snakes
   535 | D:1      | Reached XP level 3. HP: 25/26 MP: 4/6
   637 | D:2      | Learned a level 3 spell: Spider Form
   771 | D:2      | Found a stormy altar of Qazlal.
   772 | D:2      | Found a shattered altar of Ashenzari.
   772 | D:2      | Found an iron altar of Okawaru.
   773 | D:2      | Found a snail-covered altar of Cheibriados.
   773 | D:2      | Found a burning altar of Makhleb.
   774 | D:2      | Found a sacrificial altar of Ru.
   790 | D:2      | Became a worshipper of Warmaster Okawaru
   902 | D:2      | Reached skill level 4 in Transmutations
   902 | D:2      | Reached XP level 4. HP: 31/32 MP: 3/7
  1036 | D:2      | Found a sparkling altar of Nemelex Xobeh.
  2174 | D:3      | Gained mutation: Your flesh is cold resistant. (rC+)
                  | [demonic ancestry]
  2174 | D:3      | Reached XP level 5. HP: 37/37 MP: 8/8
  2194 | D:3      | Reached skill level 5 in Transmutations
  3054 | D:3      | Reached * piety under Okawaru
  3096 | D:3      | Found a faded altar of an unknown god.
  3222 | D:3      | Reached skill level 1 in Invocations
  3465 | D:4      | Found a hazy altar of Hepliaklqana.
  3510 | D:4      | Gained mutation: You have razor-sharp toenails. [demonic
                  | ancestry]
  3510 | D:4      | Reached XP level 6. HP: 43/43 MP: 3/9
  3662 | D:4      | Reached skill level 6 in Transmutations
  3851 | D:4      | HP: 2/43 [poisoned by an adder]
  3859 | D:4      | HP: 1/43 [poisoned by an adder]
  4261 | D:4      | Slain by an orc

Skill      XL: |  1  2  3  4  5  6 |
---------------+-------------------+-----
Transmutations | 2 3 4 5 6 |  6.4
Invocations    | 2 |  2.0
Fighting       | |  1.0
Dodging        | |  1.7
Unarmed Combat | |  2.6
Spellcasting   | |  2.0

Action                   |  1- 3 |  4- 6 || total
-------------------------+-------+-------++-------
Melee: Unarmed           |   104 |   269 ||   373
       Kick              |    20 |    15 ||    35
       Headbutt          |     7 |     7 ||    14
       Punch             |     1 |       ||     1
 Cast: Beastly Appendage |    17 |    14 ||    31
       Spider Form       |     2 |    24 ||    26
  Use: Scroll            |       |     7 ||     7
 Stab: Sleeping          |       |     2 ||     2
  Eat: Chunk             |     1 |    14 ||    15
Armor: Robe              |    25 |    12 ||    37
       Skin              |       |     7 ||     7
Dodge: Dodged            |    93 |   228 ||   321
